 Dungeon Crawl Stone Soup version 0.21.0-24-g2553a33 (webtiles) character file.

532 Firecrotchwizard the Cudgeler (level 7, 0/68 HPs)
             Began as a Troll Berserker on Jan 20, 2018.
             Was a Priest of Trog.
             Killed by divine providence
             ... invoked by an orc priest
              (14 damage)
             ... on level 4 of the Dungeon.
             The game lasted 00:05:52 (2340 turns).

Firecrotchwizard the Cudgeler (Troll Berserker)     Turns: 2340, Time: 00:05:52

Health: 0/68       AC:  5    Str: 26      XL:     7   Next: 4%
Magic:  6/6        EV: 11    Int:  3      God:    Trog [***...]
Gold:   88         SH:  0    Dex:  9 (11) Spells: 6/6 levels left

rFire    . . .     SeeInvis .   u - -3 morningstar (curse)
rCold    . . .     Gourm    +   (no shield)
rNeg     . . .     Faith    .   b - +0 animal skin
rPois    .         Spirit   .   (helmet restricted)
rElec    .         Reflect  .   (no cloak)
rCorr    .         Harm     .   (gloves unavailable)
MR       .....                  (boots unavailable)
Stlth    ++........             g - amulet of magic regeneration {@e1}
HPRegen  0.61/turn              o - ring of stealth {Stlth+}
MPRegen  0.35/turn              (no ring)

@: berserk cooldown, slowed, very slow
A: large, unfitting armour, claws 3, fast metabolism 3, gourmand, regeneration
1, shaggy fur 1, tough skin 2
a: Berserk, Trog's Hand, Burn Spellbooks, Renounce Religion


You were on level 4 of the Dungeon.
You worshipped Trog.
Trog was most pleased with you.
You were not hungry.

You visited 1 branch of the dungeon, and saw 4 of its levels.

You collected 88 gold pieces.

Inventory:

Hand Weapons
 a - a +0 mace
 e - a +2 vampiric dagger
   (You found it on level 1 of the Dungeon)
 q - a +3 dagger of speed
   (You took it off an orc on level 3 of the Dungeon)
 u - a cursed -3 morningstar (weapon)
   (You found it on level 4 of the Dungeon)
Armour
 b - a +0 animal skin (worn)
Jewellery
 g - an amulet of magic regeneration (around neck) {@e1}
   (You found it on level 4 of the Dungeon)
 o - a ring of stealth (left claw) {Stlth+}
   (You found it on level 3 of the Dungeon)
Wands
 j - a wand of random effects (27)
   (You took it off Natasha on level 2 of the Dungeon)
Potions
 d - 4 potions of curing {unknown}
 f - a potion of might {unknown}
 h - 3 potions of berserk rage {unknown}
 i - 3 potions of brilliance {unknown}
 k - a potion of mutation {unknown}
 l - a potion of cancellation {unknown}
 n - 3 potions of flight {unknown}
 r - 2 potions of degeneration {unknown}
Comestibles
 c - 11 rations {@e1}


   Skills:
 + Level 3.9 Fighting
 * Level 5.5 Maces & Flails
 + Level 3.9 Dodging


You had 6 spell levels left.
You didn't know any spells.

Dungeon Overview and Level Annotations

Branches:
Dungeon (4/15)
 Temple: D:4-7

Altars:
Cheibriados
Elyvilon
Vehumet


Innate Abilities, Weirdness & Mutations

You are too large for most types of armour.
You have claws for hands.
Your metabolism is lightning-fast.
You like to eat raw meat.
Your natural rate of healing is unusually fast.
You are covered in fur. (AC +1)
You have very tough skin. (AC +2)


Message History

You take 4 damage, and have 28/102 hp.
You barely miss the jackal. The jackal barely misses you.
The jackal closely misses you.
The leopard gecko bites you but does no damage.
The jackal closely misses you.
You closely miss the jackal. The jackal barely misses you.
The jackal misses you. The jackal closely misses you.
The leopard gecko bites you.
* * * LOW HITPOINT WARNING * * *
The jackal misses you.
You barely miss the jackal.
The jackal bites you but does no damage. x2
The leopard gecko barely misses you. The jackal closely misses you.
You closely miss the jackal. The jackal barely misses you. x2
The leopard gecko bites you but does no damage.
The jackal closely misses you.
You barely miss the jackal.
The jackal bites you but does no damage. x2
The jackal barely misses you. The leopard gecko barely misses you.
You impale the jackal!!
You kill the jackal!
Trog accepts your kill. The jackal bites you.
* * * LOW HITPOINT WARNING * * *
The jackal bites you but does no damage.
The leopard gecko barely misses you.
You closely miss the jackal. The jackal bites you.
* * * LOW HITPOINT WARNING * * *
The jackal bites you but does no damage.
The leopard gecko bites you.
* * * LOW HITPOINT WARNING * * *
The jackal barely misses you.
You take 7 damage, and have 22/102 hp.
You barely miss the jackal. The jackal closely misses you.
The leopard gecko misses you.
The jackal bites you but does no damage.
You barely miss the jackal. The jackal misses you.
The jackal bites you but does no damage.
You hit the jackal. The jackal bites you.
* * * LOW HITPOINT WARNING * * *
The leopard gecko bites you but does no damage.
The jackal bites you but does no damage. x2
The leopard gecko completely misses you.
You take 2 damage, and have 21/102 hp.
You sock the jackal!
You kill the jackal!
Trog accepts your kill.
You are no longer berserk.
Trog's vigour flows through your veins.
You are exhausted.
You feel yourself slow down. The jackal closely misses you.
You now have 14/68 hp.
You barely miss the jackal. The leopard gecko barely misses you.
The jackal closely misses you. The leopard gecko closely misses you.
The jackal barely misses you.
The leopard gecko bites you but does no damage.
An orc priest comes into view. It is wielding a short sword of venom.
You closely miss the jackal.
The jackal bites you but does no damage.
The jackal completely misses you.
The leopard gecko bites you but does no damage.
The leopard gecko closely misses you.
The jackal bites you but does no damage.
An orc comes into view.
You regained 2 hp, and now have 17/68 hp.
You hit the jackal but do no damage. The jackal bites you.
* * * LOW HITPOINT WARNING * * *
The leopard gecko barely misses you. The jackal barely misses you.
The leopard gecko bites you but does no damage.
An orc priest comes into view.
Unknown command.
The orc priest shouts! x2
You hit the jackal.
You kill the jackal!
Trog accepts your kill.
You hear a shout!
The leopard gecko closely misses you.
The orc priest looks encouraged for a moment.
The leopard gecko misses you.
The orc priest casts a cantrip, but nothing happens.
An orc comes into view. It is wielding a war axe.
An orc priest comes into view. It is wielding a mace.
The orc priest shouts!
The leopard gecko closely misses you. The leopard gecko bites you.
* * * LOW HITPOINT WARNING * * *
You see here a jackal corpse.
You barely miss the orc. The orc closely misses you.
The leopard gecko bites you but does no damage.
The orc priest casts a cantrip, but nothing happens.
The orc misses you.
The leopard gecko bites you but does no damage.
You barely miss the orc. The leopard gecko bites you.
* * * LOW HITPOINT WARNING * * *
The orc hits you.
* * * LOW HITPOINT WARNING * * *
The orc priest miscasts a cantrip.
The orc priest calls down the wrath of Beogh upon you.
Beogh smites you!
You die...

..$......#
..........'
..........#
........o.#
..........#
........oo#
........oo#
......)l@.#
........†.######
..........#....####
..........#........
..........#........
..........#........
...................
#####......########
. #...........#


You could see 3 orc priests, 2 orcs and a leopard gecko.

Vanquished Creatures
  Eustachio (D:4)
  A phantom (D:4)
  A bullfrog skeleton (D:4)
  Natasha (thrice) (D:2)
  A worker ant (D:4)
  A gnoll (D:1)
  7 adders
  2 oozes
  3 worms (D:2)
  A dart slug (D:1)
  A leopard gecko (D:1)
  5 orcs (D:3)
  4 giant cockroaches (D:1)
  13 goblins
  5 hobgoblins
  4 jackals (D:4)
  2 quokkas
  6 bats
  A frilled lizard (D:1)
  8 kobolds
  10 rats
80 creatures vanquished.

Notes
Turn   | Place    | Note
-------+----------+-------------------------------------------
     0 | D:1      | Firecrotchwizard the Troll Berserker began the quest for the Orb.
     0 | D:1      | Reached XP level 1. HP: 22/22 MP: 0/0
   113 | D:1      | Reached skill level 3 in Maces & Flails
   113 | D:1      | Reached XP level 2. HP: 24/29 MP: 1/1
   190 | D:1      | Reached XP level 3. HP: 19/36 MP: 2/2
   450 | D:1      | Reached ** piety under Trog
   555 | D:2      | Noticed Natasha
   569 | D:2      | Killed Natasha
   569 | D:2      | Reached XP level 4. HP: 27/44 MP: 3/3
   690 | D:2      | Noticed Natasha
   696 | D:2      | Killed Natasha
   696 | D:2      | Reached skill level 3 in Fighting
   696 | D:2      | Reached skill level 3 in Dodging
   772 | D:2      | Reached skill level 4 in Maces & Flails
   813 | D:2      | Noticed Natasha
   828 | D:2      | Killed Natasha
   828 | D:2      | Reached XP level 5. HP: 31/53 MP: 4/4
  1017 | D:2      | Found a white marble altar of Elyvilon.
  1395 | D:3      | Found a radiant altar of Vehumet.
  2111 | D:4      | Found a snail-covered altar of Cheibriados.
  2138 | D:4      | Noticed a phantom
  2201 | D:4      | HP: 10/53 [phantom (7)]
  2212 | D:4      | HP: 8/53 [phantom (5)]
  2219 | D:4      | HP: 15/79 [phantom (3)]
  2222 | D:4      | Killed a phantom
  2222 | D:4      | Reached skill level 5 in Maces & Flails
  2222 | D:4      | Reached XP level 6. HP: 12/61 MP: 5/5
  2297 | D:4      | Noticed Eustachio
  2317 | D:4      | Killed Eustachio
  2320 | D:4      | Reached XP level 7. HP: 31/68 MP: 6/6
  2328 | D:4      | Reached *** piety under Trog
  2329 | D:4      | HP: 22/102 [leopard gecko (5)]
  2336 | D:4      | HP: 17/68 [jackal (1)]
  2340 | D:4      | Killed from afar by an orc priest

Skill      XL: |  1  2  3  4  5 |
---------------+----------------+-----
Maces & Flails | 3 4 5 |  5.5
Fighting       | 3 |  3.9
Dodging        | 3 |  3.9

Action                   |  1- 3 |  4- 6 |  7- 9 || total
-------------------------+-------+-------+-------++-------
Melee: Mace              |    93 |   198 |       ||   291
       Morningstar       |       |    59 |    19 ||    78
Invok: Trog's Hand       |     1 |     1 |       ||     2
       Berserk           |       |     2 |       ||     2
  Use: Scroll            |       |     5 |       ||     5
 Stab: Sleeping          |       |     5 |       ||     5
  Eat: Chunk             |    11 |    15 |       ||    26
Armor: Animal skin       |    55 |   103 |    26 ||   184
Dodge: Dodged            |    57 |   187 |    41 ||   285

Vault maps used:
D:1:      zelgadis_glass_arrival_small
D:2:      elyvilon_altar_5, uniq_natasha
D:3:      vehumet_crystals
D:4:      lemuel_round_altar, cheibriados_altar_1, minitemple, first_ration,
          grunt_qazlal_clouds, uniq_eustachio

Table legend:
 A = Turns spent in this place as a percentage of turns spent in the entire game.
 B = Non-inter-level travel turns spent in this place as a percentage of non-inter-level travel turns spent in the entire game.
 C = Inter-level travel turns spent in this place as a percentage of turns spent in this place.
 D = Turns resting spent in this place as a percentage of non-inter-level travel turns spent in this place.
 E = Turns spent auto-exploring this place as a percentage of non-inter-level travel turns spent in this place.
 F = Non-inter-level travel turns spent in this place divided by the number of levels of this place that you've seen.
                   A       B       C       D       E      F
               +-------+-------+-------+-------+-------+----------------------
         Total | 100.0 | 100.0 |   2.6 |  14.0 |  56.8 | 570.0
       Dungeon | 100.0 | 100.0 |   2.6 |  14.0 |  56.8 | 570.0
               +-------+-------+-------+-------+-------+----------------------

Table legend:
 A = Kills in this place as a percentage of kills in entire the game.
 B = Kills by you in this place as a percentage of kills by you in the entire game.
 C = Kills by friends in this place as a percentage of kills by friends in the entire game.
 D = Other kills in this place as a percentage of other kills in the entire game.
 E = Experience gained in this place as a percentage of experience gained in the entire game.
 F = Experience gained in this place divided by the number of levels of this place that you have seen.
                   A       B       C       D       E      F
               +-------+-------+-------+-------+-------+----------------------
         Total | 100.0 | 100.0 |   N/A |   N/A | 100.0 | 190.2
       Dungeon | 100.0 | 100.0 |   N/A |   N/A | 100.0 | 190.2
               +-------+-------+-------+-------+-------+----------------------
